[Event "Titled Tuesday Blitz October 5 2021"]
[White "Csonka, Balazs"]
[Black "Maksimenko, Viktor"]
[WhiteFideId "742910"]
[BlackFideId "13710478"]
[WhiteElo "2404"]
[BlackElo "2269"]
[Result "1-0"]
[Round "06"]
[TimeControl "180+1"]
[Date "2021.10.05"]
[WhiteClock "0:00:09"]
[BlackClock "0:00:01"]

1. d4 Nf6 2. c4 e6 3. Nc3 Bb4 4. e3 O-O 5. Ne2 d5 6. a3 Be7 7. cxd5 exd5 8. Nf4 Re8 9. Bd3 Bf8 10. O-O b6 11. b4 Bb7 12. Rb1 a5 13. b5 Nbd7 14. Qf3 Nb8 15. Bb2 Ne4 16. Rbc1 Nxc3 17. Rxc3 Bd6 18. Rfc1 Qg5 19. a4 Rc8 20. Ba3 Nd7 21. Bxd6 cxd6 22. Qh3 Rxc3 23. Qxh7+ Kf8 24. Rxc3 Ke7 25. Rc7 Rc8 26. Rxb7 Rc1+ 27. Bf1 Qg4 28. Nxd5+ Ke6 29. Nf4+ Ke7 30. Qe4+ Kf8 31. f3 Qg5 32. Rxd7 Kg8 33. Qe8+ Kh7 34. Qxf7 Qh6 35. Qf5+ Kh8 36. Rd8# 1-0


[Site "https://www.chess.com"]

[Event "Titled Tuesday Blitz October 5 2021"]
[White "De Silva, L M S T"]
[Black "Viani Antonio Dcunha"]
[WhiteFideId "9953698"]
[BlackFideId "5027330"]
[WhiteElo "1621"]
[BlackElo "2366"]
[Result "0-1"]
[Round "06"]
[TimeControl "180+1"]
[Date "2021.10.05"]
[WhiteClock "0:00:02"]
[BlackClock "0:00:16"]

1. e4 e5 2. Nf3 Nc6 3. Bc4 Nf6 4. d3 Bc5 5. O-O O-O 6. c3 d5 7. exd5 Nxd5 8. Re1 Nb6 9. Bb5 Bd6 10. Bxc6 bxc6 11. Nxe5 Bb7 12. Nd2 Bxe5 13. Rxe5 Qxd3 14. Qe1 Rad8 15. Nf3 c5 16. Bg5 f6 17. Re3 Qg6 18. Bf4 Nd5 19. Bg3 Nxe3 20. Qxe3 Rd3 21. Qe6+ Qf7 22. Qf5 Qd5 23. Qxd5+ Bxd5 24. Re1 Kf7 25. Bxc7 Re8 26. Rf1 Bxf3 27. gxf3 Re2 28. b3 Rxc3 29. Bg3 Rxa2 30. Rd1 Ke6 31. Rd6+ Ke7 32. Rc6 g5 33. Kg2 h5 34. h4 a5 35. hxg5 fxg5 36. Rg6 h4 37. Bh2 Rcc2 38. Bg1 a4 39. bxa4 Rxa4 40. Rxg5 c4 41. Rc5 Kd6 42. Rc8 Kd7 43. Rc5 Ra6 44. Bh2 Rg6+ 45. Kf1 Rc6 46. Rd5+ Kc8 47. Bf4 c3 48. Be3 Rb2 49. Rd1 c2 50. Rc1 Rb1 51. Ke2 Rxc1 52. Bxc1 Rd6 53. Bd2 h3 54. Bf4 Rd1 0-1


[Site "https://www.chess.com"]

[Event "Titled Tuesday Blitz October 5 2021"]
[White "Ekdyshman, Mikhail"]
[Black "Aldokhin, Ivan"]
[WhiteFideId "4149416"]
[BlackFideId "24115720"]
[WhiteElo "2256"]
[BlackElo "2231"]
[Result "1/2-1/2"]
[Round "06"]
[TimeControl "180+1"]
[Date "2021.10.05"]
[WhiteClock "0:00:05"]
[BlackClock "0:00:06"]

1. d4 Nf6 2. c4 g6 3. Nc3 Bg7 4. e4 d6 5. f3 O-O 6. Be3 c5 7. Nge2 cxd4 8. Nxd4 Nbd7 9. Be2 b6 10. O-O Bb7 11. Qd2 Re8 12. Rac1 a6 13. Rfd1 Rc8 14. Bf1 Qc7 15. b4 Qb8 16. Nb3 Ne5 17. Na4 Nfd7 18. Nxb6 Nxb6 19. Bxb6 Bxe4 20. Bd4 Bxf3 21. Re1 Ba8 22. b5 Nd7 23. a4 Nc5 24. Nxc5 Bxd4+ 25. Qxd4 Rxc5 26. a5 Qc7 27. Ra1 Rc8 28. b6 Qb7 29. Qh4 Re8 30. Re3 Qc6 31. Rxe7 Rxe7 32. Qxe7 Re5 33. Qd8+ Kg7 34. Qh4 Re2 35. Qd4+ Kg8 36. Qd5 Qxd5 37. cxd5 Rb2 38. Rd1 Bb7 39. Rc1 Bxd5 40. Bxa6 Kg7 41. b7 Rxg2+ 42. Kf1 Rb2 43. Rc7 Kf6 44. Rc8 Ke5 45. b8=Q Bg2+ 46. Ke1 Rxb8 47. Rxb8 Bd5 48. Rb5 Kd4 49. Rb6 Kc5 50. Kd2 f5 51. Kc3 f4 52. Rb4 g5 53. Rb8 f3 54. Rf8 g4 55. Bf1 h5 56. a6 Kb6 57. Kd4 Bc6 58. Rf6 h4 59. Ke3 g3 60. hxg3 hxg3 61. Rxd6 g2 62. Bxg2 fxg2 63. Kf2 Kc7 64. Rg6 Bd5 65. a7 Kb7 66. Rg7+ Ka8 67. Rd7 Bb7 68. Rc7 Kxa7 69. Re7 Kb6 70. Rg7 Bc6 71. Rg5 Kc7 72. Rg6 Kb6 73. Rf6 Kc5 74. Rf5+ Bd5 75. Rxd5+ Kxd5 76. Kxg2 1/2-1/2


[Site "https://www.chess.com"]

[Event "Titled Tuesday Blitz October 5 2021"]
[White "Estrada Nieto, Julian"]
[Black "Sydoryka, Vladyslav"]
[WhiteFideId "5101018"]
[BlackFideId "14145928"]
[WhiteElo "2270"]
[BlackElo "2282"]
[Result "0-1"]
[Round "06"]
[TimeControl "180+1"]
[Date "2021.10.05"]
[WhiteClock "0:00:02"]
[BlackClock "0:00:08"]

1. e4 c6 2. d4 d5 3. exd5 cxd5 4. Bd3 Nc6 5. c3 Qc7 6. Ne2 Bg4 7. O-O Nf6 8. f3 Bh5 9. Bf4 Qb6 10. Qb3 Qxb3 11. axb3 Bg6 12. Bxg6 hxg6 13. Nd2 e6 14. b4 Kd7 15. b5 Ne7 16. Ra4 Nc8 17. c4 Bd6 18. Bxd6 Nxd6 19. b3 Rhc8 20. Rfa1 Rc7 21. b6 Rc6 22. bxa7 b5 23. cxb5 Nxb5 24. Ra5 Rb6 25. Ra6 Rb7 26. Kf2 Raxa7 27. Rxa7 Nxa7 28. Nc3 Nc6 29. Ke3 Ne8 30. Na4 Ke7 31. Nc5 Rc7 32. Ra4 Nd6 33. Kd3 Nf5 34. g4 Nfxd4 35. Rxd4 Ne5+ 36. Kc3 Rxc5+ 37. Kb4 Rc2 38. Kb5 g5 39. b4 Kf6 40. Ka6 Nc6 41. Nb3 Nxd4 42. Nxd4 Rc4 43. Nb5 Rxb4 44. Nd6 Rb2 45. Ka5 Rxh2 46. Ne8+ Kg6 47. Nd6 Rf2 48. Kb5 Rxf3 49. Kc5 Rf4 50. Nb5 Rxg4 51. Kd6 Rc4 52. Ke5 Re4+ 53. Kd6 Kf5 54. Nc7 g4 55. Ne8 g6 56. Ng7+ Kg5 57. Ne8 g3 0-1


[Site "https://www.chess.com"]

[Event "Titled Tuesday Blitz October 5 2021"]
[White "Fernandez Hernandez, Arturo A."]
[Black "Tristan, Leonardo"]
[WhiteFideId "3509230"]
[BlackFideId "113816"]
[WhiteElo "2400"]
[BlackElo "2404"]
[Result "0-1"]
[Round "06"]
[TimeControl "180+1"]
[Date "2021.10.05"]
[WhiteClock "0:00:02"]
[BlackClock "0:00:18"]

1. Nf3 d5 2. c4 e6 3. g3 Nf6 4. Bg2 Be7 5. O-O O-O 6. b3 a5 7. Qc2 a4 8. Bb2 c5 9. e3 Nc6 10. d3 dxc4 11. dxc4 Nb4 12. Qc3 Qd3 13. Ne5 Qc2 14. Rc1 Qxc3 15. Bxc3 Bd6 16. a3 Bxe5 17. axb4 Bxc3 18. Nxc3 cxb4 19. Nxa4 Nd7 20. Rd1 Ra5 21. Bxb7 Bxb7 22. Rxd7 Bf3 23. Kf1 h5 24. h4 g5 25. hxg5 Rxg5 26. Ke1 h4 27. Rd4 h3 28. Rh4 Bg2 29. Ke2 Kg7 30. Nb6 Rh8 31. Rxh8 Kxh8 32. f4 Rxg3 33. Kf2 Rf3+ 34. Kg1 Rxe3 35. Kh2 Rxb3 36. Nd7 Kg7 37. Ne5 Rc3 0-1


[Site "https://www.chess.com"]

[Event "Titled Tuesday Blitz October 5 2021"]
[White "Fier, Alexandr"]
[Black "Djordjevic, Vuk"]
[WhiteFideId "2107139"]
[BlackFideId "902098"]
[WhiteElo "2569"]
[BlackElo "2463"]
[Result "0-1"]
[Round "06"]
[TimeControl "180+1"]
[Date "2021.10.05"]
[WhiteClock "0:00:30"]
[BlackClock "0:00:05"]

1. e4 e6 2. Nc3 d5 3. Nf3 Nf6 4. e5 Nfd7 5. Ne2 c5 6. c3 c4 7. d4 cxd3 8. Ned4 Nc6 9. Nxc6 bxc6 10. Bxd3 Qb6 11. O-O Ba6 12. Re1 h6 13. Rb1 Bxd3 14. Qxd3 Nc5 15. Qd4 Ne4 16. Be3 Bc5 17. Qd1 Bxe3 18. Rxe3 Rb8 19. Nd4 c5 20. Qa4+ Kf8 21. Nf3 g5 22. h3 Kg7 23. c4 Qb4 24. Qc2 h5 25. Rxe4 dxe4 26. Nxg5 Rbd8 27. Nxe4 Rd4 28. b3 h4 29. Qe2 Qb7 30. Re1 Qe7 31. Nf6 Rh6 32. Rf1 Qd8 33. Qe3 Rg6 34. Qf3 Qh8 35. Rd1 Rxd1+ 36. Qxd1 Rg5 37. Qd6 Qf8 38. Qc7 Kg6 39. Ne4 Rf5 40. Nd6 Rxe5 41. Kh2 Rg5 42. Ne4 Rf5 43. f3 Qg7 44. Nxc5 Qe5+ 45. Qxe5 Rxe5 46. Nd7 Re2 47. c5 Rxa2 48. b4 Rc2 49. Ne5+ Kf6 50. Nc6 a6 51. Nb8 Ra2 52. c6 Ke7 53. c7 Rc2 54. Nxa6 Kd7 55. b5 Kc8 56. Nb4 Rc4 57. Nc6 Kxc7 58. Ne5 Rf4 59. Kg1 Rf5 60. Ng4 Rxb5 61. Kf2 Rf5 62. Ke3 Kd6 63. Nf2 Re5+ 64. Kd3 Ke7 65. f4 Ra5 66. Ke2 Ra2+ 67. Kf3 f5 68. Nd3 Ra3 69. Ke2 Kd6 70. Ne5 Ra2+ 71. Kf3 Ra3+ 72. Kf2 Ra7 73. g3 Ra2+ 74. Ke3 Ra3+ 75. Kf2 Rxg3 76. Nf3 Rxf3+ 77. Kxf3 Kd5 0-1


[Site "https://www.chess.com"]

[Event "Titled Tuesday Blitz October 5 2021"]
[White "Florescu, Codrut-Constantin"]
[Black "Gombocz, Ferenc Jr."]
[WhiteFideId "1202200"]
[BlackFideId "775029"]
[WhiteElo "2243"]
[BlackElo "1913"]
[Result "1-0"]
[Round "06"]
[TimeControl "180+1"]
[Date "2021.10.05"]
[WhiteClock "0:00:14"]
[BlackClock "0:00:01"]

1. e4 e5 2. Nf3 Nc6 3. Bb5 g6 4. d4 exd4 5. c3 d3 6. Qxd3 Bg7 7. O-O Nge7 8. Bf4 O-O 9. Nbd2 d6 10. h3 h6 11. Rfe1 Kh7 12. Rad1 f5 13. Ba4 fxe4 14. Rxe4 Bf5 15. Bh2 d5 16. Qb5 dxe4 17. Nxe4 Qc8 18. Nc5 a6 19. Qe2 b6 20. Nd3 b5 21. Bb3 Bxd3 22. Rxd3 Rd8 23. Re3 Qf5 24. Bc2 Qf7 25. h4 Nf5 26. Re6 Re8 27. Bxf5 gxf5 28. Rxe8 Rxe8 29. Qd3 Kh8 30. Bf4 Qc4 31. Qd2 Ne5 32. Bxe5 Bxe5 33. Qxh6+ Kg8 34. Qg6+ Kf8 35. Qh6+ Bg7 36. Qg6 Qf7 37. Qc6 Qe6 38. Qxc7 Qe4 39. Qd6+ Kg8 40. Qg6 Qb1+ 41. Kh2 Qc1 42. g3 Qh6 43. Qxe8+ Kh7 44. Ng5+ Qxg5 45. hxg5 f4 46. Qf7 f3 47. g4 b4 48. Kh3 a5 49. Kh4 b3 50. axb3 a4 51. bxa4 Kh8 52. Kh5 Kh7 53. g6+ Kh8 54. Qe8+ 1-0


[Site "https://www.chess.com"]

[Event "Titled Tuesday Blitz October 5 2021"]
[White "Gallo Garcia, Kemel Antonio"]
[Black "Begmuratov, Khumoyun"]
[WhiteFideId "3523896"]
[BlackFideId "14210207"]
[WhiteElo "2515"]
[BlackElo "1948"]
[Result "0-1"]
[Round "06"]
[TimeControl "180+1"]
[Date "2021.10.05"]
[WhiteClock "0:00:08"]
[BlackClock "0:00:09"]

1. e4 e5 2. Nf3 Nc6 3. Bb5 a6 4. Ba4 Nf6 5. O-O Nxe4 6. d4 b5 7. Bb3 d5 8. dxe5 Be6 9. Qe2 Be7 10. Rd1 Nc5 11. Bf4 Nxb3 12. cxb3 O-O 13. Nc3 Nb8 14. Ne4 Nd7 15. Neg5 Qe8 16. Bg3 h6 17. Nxe6 fxe6 18. Nd4 Qg6 19. Nc6 Rf7 20. Rac1 Bc5 21. Kh1 Raf8 22. f3 h5 23. a4 Qh6 24. h4 bxa4 25. bxa4 Kh8 26. b4 Be3 27. Rc3 Bf4 28. Bxf4 Rxf4 29. Qxa6 Rxh4+ 30. Kg1 Rhf4 31. Qe2 h4 32. Rd4 h3 33. gxh3 Rxd4 34. Nxd4 Qg5+ 35. Kh1 Qg3 36. Nxe6 Rf5 37. Rc2 Nxe5 38. f4 Nf3 39. Qf2 Qxh3+ 40. Qh2 Nxh2 41. Rxh2 Rh5 42. Rxh3 Rxh3+ 43. Kg2 Ra3 44. a5 Ra4 45. Nxc7 Rxb4 46. a6 Ra4 47. Kf3 d4 48. Ke4 Kg8 49. Nb5 Rxa6 50. Nxd4 Kf7 51. Nf3 Kf6 52. Nd4 Ra4 53. Ke3 Ra1 54. Ke4 Ke7 55. Nf5+ Kf7 56. Nd4 Re1+ 57. Kf3 Kf6 58. Kf2 Re4 59. Ne2 Kf5 60. Kf3 Rxe2 61. Kxe2 Kxf4 62. Kf2 g5 63. Kg2 Kg4 64. Kf2 Kh3 65. Kg1 Kg3 66. Kh1 Kf2 67. Kh2 g4 68. Kh1 Kg3 69. Kg1 Kh3 70. Kh1 g3 71. Kg1 g2 72. Kf2 Kh2 0-1


[Site "https://www.chess.com"]

[Event "Titled Tuesday Blitz October 5 2021"]
[White "Garcia Garcia, Alejandro"]
[Black "Janaszak, Dawid"]
[WhiteFideId "3516334"]
[BlackFideId "1119206"]
[WhiteElo "2131"]
[BlackElo "2215"]
[Result "0-1"]
[Round "06"]
[TimeControl "180+1"]
[Date "2021.10.05"]
[WhiteClock "0:00:01"]
[BlackClock "0:00:26"]

1. Nf3 c5 2. g3 b6 3. Bg2 Bb7 4. O-O g6 5. d3 Bg7 6. e4 d6 7. Nh4 Nc6 8. f4 e6 9. Nc3 Nf6 10. Be3 Qc7 11. a4 O-O 12. f5 Nd4 13. h3 exf5 14. exf5 Bxg2 15. Kxg2 Qc6+ 16. Kh2 Rae8 17. Bg1 Nd5 18. Nxd5 Qxd5 19. Bxd4 Bxd4 20. c3 Be5 21. Rf3 Bf6 22. Ng2 Bg5 23. Qf1 Qb3 24. Qf2 Re7 25. h4 Bh6 26. fxg6 hxg6 27. a5 Rfe8 28. axb6 axb6 29. Re1 Rxe1 30. Nxe1 Qd1 31. Ng2 Re2 32. Qf1 Qxf1 33. Rxf1 Rxb2 34. c4 Rb3 35. Rd1 b5 36. cxb5 Rxb5 37. g4 Bg7 38. Kg3 Be5+ 39. Kf3 Rb2 40. Ne3 Rh2 41. Ng2 Rh3+ 42. Kf2 Bd4+ 43. Kf1 Rf3+ 44. Ke1 Rg3 45. Kf1 Rxg4 46. Ne1 Rxh4 47. Ke2 Rh2+ 48. Kf3 Rh1 49. Ke4 Kg7 50. Kf3 Rg1 51. Ke2 f5 52. Rb1 Bc3 53. Rb7+ Kh6 54. Nf3 Rg2+ 55. Ke3 g5 56. Rb6 f4+ 57. Ke4 Re2+ 58. Kf5 Re3 59. Rxd6+ Kh5 60. Rd7 Re5+ 0-1


[Site "https://www.chess.com"]

[Event "Titled Tuesday Blitz October 5 2021"]
[White "Garv Gaur"]
[Black "Taboas Rodriguez, Daniel"]
[WhiteFideId "45030839"]
[BlackFideId "2208466"]
[WhiteElo "1950"]
[BlackElo "2429"]
[Result "0-1"]
[Round "06"]
[TimeControl "180+1"]
[Date "2021.10.05"]
[WhiteClock "0:01:31"]
[BlackClock "0:02:32"]

1. d4 Nf6 2. Nf3 g6 3. c4 Bg7 4. g3 b6 5. Bg2 Bb7 6. O-O O-O 7. Nc3 Ne4 8. Qc2 Nxc3 9. Qxc3 c5 10. Bf4 cxd4 11. Qd2 Nc6 12. b4 e5 13. b5 exf4 14. bxc6 dxc6 15. gxf4 c5 16. Rad1 Re8 17. e3 dxe3 18. fxe3 Qxd2 19. Rxd2 Rxe3 20. Kf2 Re7 21. Rfd1 Bxf3 22. Bxf3 Rae8 23. Rd8 Bd4+ 24. R1xd4 cxd4 25. Rxd4 Kg7 26. Rd5 Rc7 27. Rd4 h5 28. Bd5 Rce7 29. Bf3 Re1 30. Rd7 R8e7 31. Rd8 Ra1 32. Rd2 Kf6 33. Bd5 Kf5 34. Kf3 Rf1+ 35. Kg3 Rxf4 36. Bg2 Re3+ 0-1


[Site "https://www.chess.com"]

[Event "Titled Tuesday Blitz October 5 2021"]
[White "Gelman, Alexander"]
[Black "Grunberg, Mihai-Lucian"]
[WhiteFideId "4118316"]
[BlackFideId "1204149"]
[WhiteElo "2375"]
[BlackElo "2364"]
[Result "1-0"]
[Round "06"]
[TimeControl "180+1"]
[Date "2021.10.05"]
[WhiteClock "0:00:04"]
[BlackClock "0:00:13"]

1. d4 Nf6 2. Nc3 g6 3. e4 d6 4. f4 Bg7 5. Nf3 c5 6. Bb5+ Bd7 7. e5 Ng4 8. e6 fxe6 9. Ng5 Bxb5 10. Nxb5 Qa5+ 11. c3 Qxb5 12. Nxe6 Qd7 13. Qxg4 Kf7 14. f5 Bf6 15. O-O cxd4 16. cxd4 Nc6 17. Bg5 Rag8 18. Rae1 Bxg5 19. Nxg5+ Ke8 20. Ne6 Nd8 21. d5 Nxe6 22. fxe6 Qb5 23. Qg5 Rf8 24. h3 Kd8 25. Rf7 Qxb2 26. Qxe7+ 1-0


[Site "https://www.chess.com"]

[Event "Titled Tuesday Blitz October 5 2021"]
[White "Glavina, Pablo"]
[Black "Koridze, Lile"]
[WhiteFideId "100234"]
[BlackFideId "13612514"]
[WhiteElo "2369"]
[BlackElo "1978"]
[Result "0-1"]
[Round "06"]
[TimeControl "180+1"]
[Date "2021.10.05"]
[WhiteClock "0:00:02"]
[BlackClock "0:00:47"]

1. d4 Nf6 2. c4 e6 3. Nc3 Bb4 4. Qc2 O-O 5. e4 d5 6. e5 Ne4 7. Nf3 c5 8. Bd3 Nc6 9. O-O cxd4 10. Nxe4 dxe4 11. Bxe4 h5 12. Bf4 a5 13. Rad1 Bc5 14. Bxc6 bxc6 15. Ng5 g6 16. Ne4 Be7 17. Bh6 Re8 18. f4 c5 19. Bg5 Bb7 20. Nxc5 Bxc5 21. Kh1 Be7 22. Bxe7 Qxe7 23. Rxd4 Red8 24. Rfd1 Rxd4 25. Rxd4 Rd8 26. Qd2 Rxd4 27. Qxd4 Qc7 28. b3 Qc6 29. Qd2 Qe4 30. h3 Bc6 31. Kh2 Kh7 32. Kg3 a4 33. Qf2 axb3 34. axb3 Qd3+ 35. Kh4 Qxb3 36. Qc5 Bxg2 37. Kg5 Kg7 38. Qf2 Qxh3 0-1


[Site "https://www.chess.com"]

[Event "Titled Tuesday Blitz October 5 2021"]
[White "Goltsev, Dmitry"]
[Black "Horobetz, Graham"]
[WhiteFideId "24176710"]
[BlackFideId "2047322"]
[WhiteElo "2334"]
[BlackElo "2625"]
[Result "1-0"]
[Round "06"]
[TimeControl "180+1"]
[Date "2021.10.05"]
[WhiteClock "0:01:32"]
[BlackClock "0:00:02"]

1. e4 c5 2. Nf3 d6 3. d4 cxd4 4. Nxd4 Nf6 5. Nc3 a6 6. Bg5 e6 7. Qd2 h6 8. Bxf6 Qxf6 9. O-O-O g5 10. g3 g4 11. h3 h5 12. hxg4 hxg4 13. Rxh8 Qxh8 14. Kb1 Bd7 15. Bg2 Nc6 16. Nxc6 Bxc6 17. Rh1 Qg7 18. Qe3 O-O-O 19. Rd1 Qh6 20. Qxh6 Bxh6 21. Rh1 Bg5 22. Ne2 f5 23. Nd4 fxe4 24. Nxe6 Rg8 25. Re1 d5 26. c4 dxc4 27. Bxe4 Bd2 28. Re2 c3 29. Bxc6 bxc6 30. Kc2 Bh6 31. bxc3 Re8 32. Nd4 Rxe2+ 33. Nxe2 Kd7 34. Nd4 1-0


[Site "https://www.chess.com"]

[Event "Titled Tuesday Blitz October 5 2021"]
[White "Goncalves, Ivan Mesquita V"]
[Black "Makarian, Rudik"]
[WhiteFideId "2114224"]
[BlackFideId "44105681"]
[WhiteElo "2299"]
[BlackElo "2480"]
[Result "1-0"]
[Round "06"]
[TimeControl "180+1"]
[Date "2021.10.05"]
[WhiteClock "0:00:06"]
[BlackClock "0:00:01"]

1. d4 Nf6 2. Nf3 c5 3. e3 b6 4. Bd3 Bb7 5. O-O e6 6. Nbd2 Be7 7. c3 O-O 8. Qe2 Nc6 9. a3 d5 10. dxc5 bxc5 11. e4 Re8 12. Rd1 Qc7 13. b4 Bf8 14. Bb2 Rad8 15. Rac1 c4 16. Bb1 g6 17. a4 Bh6 18. Re1 dxe4 19. Nxe4 Nxe4 20. Bxe4 Bxc1 21. Bxc1 Ne7 22. Bxb7 Qxb7 23. Qxc4 Rc8 24. Qd4 Qd5 25. Qf6 Qf5 26. Qd4 Nc6 27. Qh4 h5 28. h3 e5 29. Be3 e4 30. Nd4 Nxd4 31. Bxd4 a6 32. Qg3 Kh7 33. Qe3 Qd7 34. Qf4 Qe6 35. Qg3 Rcd8 36. Re3 Rd5 37. h4 Rf5 38. Re2 Re7 39. Re1 Rd5 40. Qb8 Re8 41. Qg3 f6 42. Qf4 g5 43. Qg3 Kg6 44. Re3 Qg4 45. Qc7 Rd7 46. Qc6 Qe6 47. Qc5 Rd5 48. Qc7 gxh4 49. f3 Rd7 50. Qf4 Qf5 51. Qxh4 Rde7 52. Qg3+ Kh7 53. Qf2 exf3 54. Rxf3 Qb1+ 55. Kh2 Re2 56. Qh4 Qg6 57. Rg3 Qh6 58. Bxf6 Rg8 59. Rxg8 Kxg8 60. Bd4 Re6 61. Qg3+ Kh7 62. Qf3 Qg6 63. Qf4 Kg8 64. Qb8+ Kh7 65. Qf4 Re4 66. Qb8 Rh4+ 67. Kg1 Qb1+ 68. Kf2 1-0


[Site "https://www.chess.com"]

[Event "Titled Tuesday Blitz October 5 2021"]
[White "Gorin, Leonid"]
[Black "Sjugirov, Sanan"]
[WhiteFideId "4131991"]
[BlackFideId "4189302"]
[WhiteElo "2363"]
[BlackElo "2654"]
[Result "1/2-1/2"]
[Round "06"]
[TimeControl "180+1"]
[Date "2021.10.05"]
[WhiteClock "0:00:58"]
[BlackClock "0:00:04"]

1. e4 c5 2. Nf3 Nc6 3. d4 cxd4 4. Nxd4 Nf6 5. Nc3 e5 6. Ndb5 d6 7. Bg5 a6 8. Na3 b5 9. Nd5 Be7 10. Bxf6 Bxf6 11. c3 O-O 12. Nc2 Rb8 13. Be2 Bg5 14. O-O Be6 15. Qd3 a5 16. a3 Ne7 17. Nce3 Nxd5 18. Nxd5 g6 19. Rad1 Kg7 20. g3 f5 21. Bf3 f4 22. h4 Bh6 23. Qe2 Bh3 24. Rfe1 Be6 25. Bg4 Bg8 26. b4 Kh8 27. c4 axb4 28. axb4 bxc4 29. Qxc4 Rb7 30. Qd3 Qb8 31. Kg2 fxg3 32. fxg3 Bxd5 33. Qxd5 Rxb4 34. Qxd6 Rb2+ 35. Kh3 Qxd6 36. Rxd6 Rff2 37. Be6 Bf8 38. Rd8 h5 39. Rh1 Kg7 40. Bd5 Kh6 41. Rd7 Bg7 42. Rf7 Rfe2 43. Rd7 Rbd2 44. Rf7 Re3 45. Rg1 Ree2 46. Rh1 Re3 47. Rg1 Ree2 48. Rh1 1/2-1/2


[Site "https://www.chess.com"]

[Event "Titled Tuesday Blitz October 5 2021"]
[White "Hambleton, Aman"]
[Black "Martinovici, Ilia"]
[WhiteFideId "2606577"]
[BlackFideId "13907034"]
[WhiteElo "2552"]
[BlackElo "2303"]
[Result "1-0"]
[Round "06"]
[TimeControl "180+1"]
[Date "2021.10.05"]
[WhiteClock "0:00:03"]
[BlackClock "0:00:01"]

1. d4 d5 2. Bf4 Nf6 3. e3 c5 4. c3 Nc6 5. Nd2 Bf5 6. Qb3 Na5 7. Qa4+ Bd7 8. Qc2 cxd4 9. exd4 b5 10. Ngf3 Nc4 11. Bd3 g6 12. O-O Bg7 13. Ne5 O-O 14. Nb3 Be8 15. h3 Nh5 16. Bh2 f6 17. Ng4 e5 18. Nc5 Bf7 19. dxe5 fxe5 20. b3 e4 21. Be2 Nd6 22. Rad1 Rc8 23. b4 Qe7 24. Bxd6 Qxd6 25. Nxe4 Qxb4 26. Nd2 Qxc3 27. Qb1 Nf4 28. Bf3 d4 29. Ne4 Nxh3+ 30. Kh1 Qa3 31. Rd3 Qxa2 32. gxh3 Qe6 33. Ng3 Qf6 34. Nxf6+ Bxf6 35. Qd1 Bc4 36. Re1 Bxd3 37. Qxd3 Rc3 38. Qd1 Bh4 39. Bd5+ Kg7 40. Ne4 Rxh3+ 41. Kg2 Ra3 42. Rh1 Bf6 43. Qg4 d3 44. Qd7+ 1-0


[Site "https://www.chess.com"]

[Event "Titled Tuesday Blitz October 5 2021"]
[White "Hamidi, Amir Mohammad"]
[Black "Vovk, Orest"]
[WhiteFideId "12563285"]
[BlackFideId "14113490"]
[WhiteElo "2239"]
[BlackElo "2203"]
[Result "1-0"]
[Round "06"]
[TimeControl "180+1"]
[Date "2021.10.05"]
[WhiteClock "0:02:25"]
[BlackClock "0:01:04"]

1. d4 e5 2. dxe5 Nc6 3. Nf3 Qe7 4. Nc3 Nxe5 5. Nd5 Nxf3+ 6. gxf3 Qd8 7. Bf4 d6 8. e4 c6 9. Nc3 Be6 10. Qd2 Qa5 11. O-O-O O-O-O 12. Kb1 g6 13. Qd4 f6 14. h4 Rd7 15. Bc4 Bxc4 16. Qxc4 Nh6 17. Qe6 Be7 18. Bxh6 1-0


[Site "https://www.chess.com"]

[Event "Titled Tuesday Blitz October 5 2021"]
[White "Heinemann, Josefine"]
[Black "Pacheco Lugo, Alejandro Jose"]
[WhiteFideId "12900460"]
[BlackFideId "3903745"]
[WhiteElo "2300"]
[BlackElo "2125"]
[Result "0-1"]
[Round "06"]
[TimeControl "180+1"]
[Date "2021.10.05"]
[WhiteClock "0:00:09"]
[BlackClock "0:01:02"]

1. e4 c5 2. Nf3 d6 3. d4 cxd4 4. Nxd4 Nf6 5. Nc3 a6 6. f3 e5 7. Nb3 h5 8. Be3 Be6 9. Nd5 Nxd5 10. exd5 Bf5 11. Bd3 Bxd3 12. Qxd3 g6 13. O-O-O Bg7 14. Kb1 Nd7 15. h4 a5 16. Nd2 a4 17. Ne4 Qc7 18. g4 a3 19. b3 Rc8 20. Bc1 Ra8 21. g5 O-O 22. Rh2 Rfc8 23. Qb5 Ra5 24. Qb4 Nc5 25. Nxc5 Rxc5 26. c4 b5 27. Bxa3 bxc4 28. bxc4 Rxc4 29. Qxd6 Rb8+ 30. Rb2 Rxb2+ 31. Kxb2 e4+ 32. Kb1 Qb7+ 0-1


[Site "https://www.chess.com"]

[Event "Titled Tuesday Blitz October 5 2021"]
[White "Hjartarson, Johann"]
[Black "Sokolin, Leonid"]
[WhiteFideId "2300044"]
[BlackFideId "2009161"]
[WhiteElo "2502"]
[BlackElo "2394"]
[Result "0-1"]
[Round "06"]
[TimeControl "180+1"]
[Date "2021.10.05"]
[WhiteClock "0:00:01"]
[BlackClock "0:00:17"]

1. c4 e5 2. g3 c6 3. Bg2 d5 4. cxd5 cxd5 5. d4 e4 6. Nc3 Nc6 7. Nh3 Bb4 8. O-O Nge7 9. f3 exf3 10. exf3 O-O 11. Nf4 Bxc3 12. bxc3 Qa5 13. Bd2 Ng6 14. Nd3 Qc7 15. Re1 Bf5 16. Nf2 Na5 17. f4 Rad8 18. g4 Bc8 19. f5 Nh4 20. Bh1 h6 21. Nd3 g5 22. Re5 Nc4 23. Rxd5 b6 24. Be1 Ne3 25. Rxd8 Nxd1 26. Rxf8+ Kxf8 27. Rxd1 Bb7 28. d5 Ba6 29. Bg3 Qxc3 30. Nf2 Nf3+ 31. Kg2 Be2 32. Rb1 Nd2 33. Re1 Bf3+ 34. Kh3 Bxh1 35. Rxh1 Qf3 36. Re1 Qxd5 37. Rd1 Qxa2 38. f6 Kg8 39. Kg2 Kh7 40. Re1 Kg6 41. Re7 Qd5+ 42. Kh3 Nf1 43. Rxa7 Nxg3 44. Kxg3 Qe5+ 45. Kg2 Qxf6 46. Ra6 Qc6+ 47. Kg3 Qb7 48. Ra1 b5 49. Rb1 b4 50. Rb3 Qc7+ 0-1


[Site "https://www.chess.com"]

[Event "Titled Tuesday Blitz October 5 2021"]
[White "Indjic, Aleksandar"]
[Black "Nenezic, Marko"]
[WhiteFideId "911925"]
[BlackFideId "912123"]
[WhiteElo "2643"]
[BlackElo "2484"]
[Result "1-0"]
[Round "06"]
[TimeControl "180+1"]
[Date "2021.10.05"]
[WhiteClock "0:01:18"]
[BlackClock "0:00:07"]

1. d4 Nf6 2. Nc3 d5 3. Bf4 a6 4. e3 e6 5. Nf3 Nbd7 6. a3 c5 7. Ne5 b5 8. Qf3 Bb7 9. g4 b4 10. axb4 cxb4 11. Na4 Nxe5 12. Bxe5 Nd7 13. Bg3 Be7 14. Bd3 O-O 15. O-O a5 16. b3 Ba6 17. Qe2 Bxd3 18. Qxd3 Rc8 19. Rfc1 Nf6 20. f3 Nd7 21. c4 bxc3 22. Rxc3 Bb4 23. Rc2 Rxc2 24. Qxc2 h5 25. h3 hxg4 26. hxg4 f5 27. Qc6 Rf6 28. g5 Rg6 29. f4 Nf8 30. Qc2 Nh7 31. Kf2 Nxg5 32. fxg5 Qxg5 33. Rg1 Qh5 34. Qe2 Qh3 35. Qf3 f4 36. exf4 Qf5 37. Qe2 Rg4 38. Nc5 Kf7 39. Nd3 Bc3 40. Ne5+ 1-0


[Site "https://www.chess.com"]

[Event "Titled Tuesday Blitz October 5 2021"]
[White "Isajevsky, Anton"]
[Black "Dzhaparov, Medet"]
[WhiteFideId "4142500"]
[BlackFideId "13803689"]
[WhiteElo "2510"]
[BlackElo "1702"]
[Result "1-0"]
[Round "06"]
[TimeControl "180+1"]
[Date "2021.10.05"]
[WhiteClock "0:00:10"]
[BlackClock "0:00:02"]

1. c4 Nf6 2. Nc3 d5 3. cxd5 Nxd5 4. Nf3 g6 5. Qb3 Nb6 6. d4 Bg7 7. Bf4 O-O 8. Rd1 Nc6 9. e3 a5 10. Bb5 Nb4 11. Rd2 c6 12. Be2 Be6 13. Qd1 Nxa2 14. Nxa2 Bxa2 15. b3 Nd5 16. Rxa2 Nc3 17. Qc2 Nxa2 18. Qxa2 a4 19. b4 Qb6 20. Qa3 Rfd8 21. O-O e6 22. Ne5 Qa7 23. h4 Rac8 24. h5 b6 25. Rc1 c5 26. dxc5 bxc5 27. b5 Rd2 28. Bc4 Qe7 29. hxg6 hxg6 30. Qc3 Rdd8 31. Bg3 Qf6 32. Ra1 Qf5 33. f3 g5 34. e4 Qh7 35. Kf2 Qh6 36. Rxa4 Qf6 37. Qe3 Rd4 38. Nc6 Rd1 39. Be2 Qb2 40. e5 Rd2 41. Ne7+ Kf8 42. Nxc8 c4 43. Rxc4 1-0


[Site "https://www.chess.com"]

[Event "Titled Tuesday Blitz October 5 2021"]
[White "Iskusnyh, Sergei"]
[Black "Omariev, Maksim"]
[WhiteFideId "4120027"]
[BlackFideId "4193423"]
[WhiteElo "2492"]
[BlackElo "2473"]
[Result "1-0"]
[Round "06"]
[TimeControl "180+1"]
[Date "2021.10.05"]
[WhiteClock "0:01:36"]
[BlackClock "0:00:10"]

1. d4 h5 2. e4 h4 3. Nc3 c6 4. h3 d5 5. Nf3 dxe4 6. Nxe4 Bf5 7. Bd3 e6 8. Qe2 Nd7 9. Bf4 Qa5+ 10. Bd2 Qb6 11. O-O-O Be7 12. Rhe1 O-O-O 13. Neg5 Bxd3 14. Qxd3 Nh6 15. Kb1 Kb8 16. Qc4 Qb5 17. Qxb5 cxb5 18. d5 e5 19. Nxe5 Nxe5 20. Rxe5 Bf6 21. Re2 Rd7 22. Ne4 Be7 23. d6 Bd8 24. Nc5 1-0


[Site "https://www.chess.com"]